 Dungeon Crawl Stone Soup version 0.20.1-1-g8b1a95d (webtiles) character file.

112 ClockworkOrrery the Skirmisher (level 4, -3/30 HPs)
             Began as a Gargoyle Fighter on Oct 7, 2017.
             Slain by Sigmund
             ... wielding a +0 scythe
              (4 damage)
             ... on level 3 of the Dungeon.
             The game lasted 00:06:21 (2146 turns).

ClockworkOrrery the Skirmisher (Gargoyle Fighter)   Turns: 2146, Time: 00:06:22

Health: -3/30      AC: 12    Str: 19    XL:     4   Next: 95%
Magic:  4/4        EV:  5    Int: 10    God:
Gold:   135        SH:  9    Dex:  9    Spells: 3/3 levels left

rFire    . . .     SeeInvis .   a - +0 flail
rCold    . . .     Gourm    .   c - +0 shield
rNeg     + . .     Faith    .   r - +0 chain mail
rPois    ∞         Spirit   .   (no helmet)
rElec    +         Reflect  .   (no cloak)
rCorr    .         Harm     .   (no gloves)
MR       .....                  (no boots)
Stlth    ..........             (no amulet)
Regen    0.1/turn               (no ring)
MPRegen  0.1/turn               (no ring)

@: no status effects
A: negative energy resistance 1, electricity resistance, unbreathing,
petrification resistance, rot immunity, AC +3
a: no special abilities


You were on level 3 of the Dungeon.
You were hungry.

You visited 1 branch of the dungeon, and saw 3 of its levels.

You collected 135 gold pieces.

Inventory:

Hand Weapons
 a - a +0 flail (weapon)
Armour
 c - a +0 shield (worn)
 r - a +0 chain mail (worn)
Jewellery
 h - an uncursed ring of protection from magic {unknown}
 l - a +5 ring of dexterity {unknown}
Scrolls
 b - 3 scrolls of teleportation {unknown}
 e - a scroll of noise {unknown}
 k - a scroll of magic mapping {unknown}
 m - a scroll of random uselessness {unknown}
 n - a scroll of enchant armour {unknown}
 p - 3 scrolls of remove curse {unknown}
 q - a scroll of recharging {unknown}
 t - a scroll of amnesia {unknown}
Potions
 d - a potion of might
 i - 2 potions of curing {unknown}
 j - 3 potions of degeneration {unknown}
 o - a potion of haste {unknown}
 s - a potion of lignification {unknown}
 u - a potion of mutation {unknown}
Books
 v - a book of Cantrips

   Spells                             Type                      Level
   a - Confusing Touch                Hexes                        1
   b - Animate Skeleton               Necromancy                   1
   c - Summon Small Mammal            Summoning                    1
   d - Apportation                    Translocation                1
Comestibles
 f - 3 bread rations
 g - 2 meat rations
 w - 2 chunks of flesh


   Skills:
 + Level 4.4 Fighting
 * Level 4.1 Maces & Flails
 - Level 3.2 Armour
 - Level 3.2 Shields


You had 3 spell levels left.
You didn't know any spells.

Dungeon Overview and Level Annotations

Branches:
Dungeon (3/15)

Altars:

Annotations:
D:3 Sigmund


Innate Abilities, Weirdness & Mutations

You are resistant to torment.
Your stone body is resilient. (AC +3)
You are immune to poison.
You resist negative energy. (rN+)
You are resistant to electric shocks. (rElec)
You can survive without breathing.
You are immune to petrification.
You are immune to rotting.


Message History

The puff of flame hits you!
You see here a rat corpse.
You hit something but do no damage.
You hear some strange, mumbled words.
A magic dart appears from out of thin air!
The magic dart hits you!
You miss something. Something hits you but does no damage.
You completely miss something.
You hear some strange, mumbled words.
A magic dart appears from out of thin air!
The magic dart hits you!
* * * LOW HITPOINT WARNING * * *
You hit something. Something hits you.
* * * LOW HITPOINT WARNING * * *
You miss something.
You hear some strange, mumbled words.
A puff of flame appears from out of thin air!
The puff of flame hits you!
You barely miss something. Something hits you.
You die...

..## ##### ..>## ####
#...# #### ....# .....
#...# #...
....###...... ###...#
#... ..<........?..
#...#.## #... ....##
.>.... #.###..# #...
....# ......######.#
##.####... ...##
#......<..####..).....
....#
#....@###.>....####...
###.# #....{.........#
#... #.#
#.....###.###... #...
#.# #.....# #.# #.#..
#... #.##### #.....#
#.# #. ##.#### #...[.#
#.....###.# #. ..
#####.####.......#.#
## .. #...########...#
.. ###..(## #..#


There were no monsters in sight!

Vanquished Creatures
  An orc wizard (D:3)
  2 adders
  A worm (D:3)
  3 leopard geckos
  5 orcs (D:3)
  A ball python (D:3)
  7 giant cockroaches
  6 hobgoblins
  2 jackals (D:1)
  4 kobolds
  A quokka (D:3)
  6 bats
  2 frilled lizards
  5 goblins
  7 rats
53 creatures vanquished.

Notes
Turn   | Place    | Note
-------+----------+-------------------------------------------
     0 | D:1      | ClockworkOrrery the Gargoyle Fighter began the quest for the Orb.
     0 | D:1      | Reached XP level 1. HP: 14/14 MP: 1/1
   250 | D:1      | Reached XP level 2. HP: 16/19 MP: 2/2
   777 | D:2      | Reached XP level 3. HP: 23/24 MP: 3/3
  1522 | D:3      | Reached XP level 4. HP: 28/29 MP: 4/4
  2117 | D:3      | Noticed Sigmund
  2144 | D:3      | HP: 1/30 [something (5)]
  2146 | D:3      | Slain by Sigmund

Skill      XL: |  1  2  3  4 |
---------------+-------------+-----
Maces & Flails | 3 4 |  4.1
Fighting       | 4 |  4.4
Armour         | |  3.2
Shields        | |  3.2

Action                   |  1- 3 |  4- 6 || total
-------------------------+-------+-------++-------
Melee: Flail             |   176 |   104 ||   280
  Eat: Chunk             |     2 |     2 ||     4
Armor: Scale mail        |    77 |       ||    77
       Chain mail        |    31 |    61 ||    92
Dodge: Dodged            |    62 |    24 ||    86
Block: Shield            |   111 |    51 ||   162
